 Dungeon Crawl Stone Soup version 0.19.5 (webtiles) character file.

277 Denreik the Digger (level 6, -3/41 HPs)
             Began as a Formicid Earth Elementalist on Mar 11, 2017.
             Killed from afar by an orc wizard (10 damage)
             ... with a puff of flame
             ... on level 4 of the Dungeon.
             The game lasted 00:22:27 (3808 turns).

Denreik the Digger (Formicid Earth Elementalist)    Turns: 3808, Time: 00:22:28

Health: -3/41      AC:  4    Str: 12    XL:     6   Next: 50%
Magic:  0/9        EV: 10    Int: 17    God:
Gold:   94         SH:  0    Dex: 11    Spells: 3 memorised, 3 levels left

rFire  . . .     SeeInvis +     g - +1 short sword (elec)
rCold  . . .     Gourm    .     A - -1 ring mail (curse)
rNeg   . . .     Faith    .     (no shield)
rPois  .         Spirit   .     (helmet unavailable)
rElec  .         Reflect  .     (no cloak)
rCorr  .         Harm     .     (no gloves)
MR     .....                    (no boots)
Stlth  +.........               (no amulet)
                                (no ring)
                                (no ring)

@: no status effects
A: permanent stasis, dig shafts and tunnels, four strong arms, antennae 3
a: Dig, Shaft Self


You were on level 4 of the Dungeon.
You were not hungry.

You visited 1 branch of the dungeon, and saw 4 of its levels.

You collected 94 gold pieces.

Inventory:

Hand Weapons
 f - a +0 whip
 g - a +1 short sword of electrocution (weapon)
 s - a +0 trident
 u - a +1 dagger of freezing
 y - a +0 quarterstaff
 B - a +0 flail
Missiles
 b - 124 stones (quivered)
 w - 33 poisoned needles
Armour
 c - a +0 robe
 h - a +1 scale mail
 A - a cursed -1 ring mail (worn)
 C - a +0 chain mail
Magical Staves
 t - an uncursed staff of cold
Scrolls
 k - a scroll of recharging
 l - 2 scrolls of teleportation
 q - a scroll of enchant weapon
Potions
 i - a potion of curing {unknown}
 j - a potion of cure mutation {unknown}
 n - 2 potions of flight {unknown}
 p - 2 potions of berserk rage {unknown}
Books
 e - a book of Geomancy

   Spells                             Type                      Level
   a - Sandblast                      Earth                        1
   b - Passwall                       Transmutation/Earth          2
   c - Stone Arrow                    Conjuration/Earth            3
   d - Petrify                        Transmutation/Earth          4
   e - Lee's Rapid Deconstruction     Earth                        5
Comestibles
 a - 2 meat rations
 d - 4 bread rations
 o - a slice of pizza
 r - 4 fruits
 z - a royal jelly


   Skills:
 + Level 4.0 Armour
 - Level 1.7 Dodging
 - Level 2.4 Stealth
 - Level 2.1 Spellcasting
 * Level 1.7 Conjurations
 - Level 1.1 Transmutations
 - Level 6.1 Earth Magic


You had 3 spell levels left.
You knew the following spells:

 Your Spells              Type           Power        Failure   Level  Hunger
a - Sandblast             Erth           ###...       3%          1    #......
b - Stone Arrow           Conj/Erth      ###...       24%         3    ###....
c - Passwall              Tmut/Erth      ##........   14%         2    ###....


Dungeon Overview and Level Annotations

Branches:
Dungeon (4/15)
 Temple: D:4-7

Altars:
Nemelex Xobeh
Ru

Annotations:
D:2 1 runed door


Innate Abilities, Weirdness & Mutations

You are under a permanent stasis effect.
You can dig through walls and to a lower floor.
Your four strong arms can wield two-handed weapons with a shield.
You have a pair of large antennae on your head. (SInv)


Message History

You barely miss the orc wizard.
The orc wizard is heavily wounded.
The orc wizard hits you with a dagger.
* * * LOW HITPOINT WARNING * * *
All of the chunks of flesh in your inventory have rotted away.
Casting: Passwall
Confirm with . or Enter, or press ? or * to list all spells.
Aiming: Sandblast
Press: ? - help, Shift-Dir - straight line, f/p - orc wizard
Aim: an orc wizard, wielding a dagger and wearing a leather armour (heavily wounded, slightly transparent)
The blast of sand hits the orc wizard.
The orc wizard is heavily wounded.
The orc wizard hits you but does no damage.
Casting: Sandblast
Confirm with . or Enter, or press ? or * to list all spells.
You don't have enough magic to cast that spell.
Unknown command.
The orc wizard points at you and mumbles some strange words.
The puff of flame hits you!
You die...

#...(....#
####.##
#........#
#.....#
#%.......#
#.#####
#........#
###.#
#........#
#...#
#.)......#
#.###
#...?....# #.#
##........###.#
#........oo.@.#
#$.......o#####
#.._[......#
#..........#
#....⌠.....#
............#
#........._...#
#.###........##
#. ###......#


You could see an orc wizard (invisible) and 2 orcs.

Vanquished Creatures
  A hound (D:4)
  An orc wizard (D:4)
  An orc priest (D:4)
  A worker ant (D:3)
  3 gnolls (D:2)
  6 adders
  A worm (D:2)
  2 dart slugs (D:1)
  2 leopard geckos (D:2)
  8 orcs (D:3)
  A giant cockroach (D:1)
  7 goblins
  5 hobgoblins
  7 jackals
  5 kobolds
  A quokka (D:3)
  6 bats
  3 frilled lizards (D:3)
  9 rats
70 creatures vanquished.

Notes
Turn   | Place    | Note
-------+----------+-------------------------------------------
     0 | D:1      | Denreik the Formicid Earth Elementalist began the quest for the Orb.
     0 | D:1      | Reached XP level 1. HP: 13/13 MP: 3/3
   104 | D:1      | Reached skill level 4 in Earth Magic
   188 | D:1      | Reached XP level 2. HP: 18/19 MP: 0/5
   825 | D:2      | Reached XP level 3. HP: 16/24 MP: 2/6
   838 | D:2      | Reached skill level 5 in Earth Magic
  1024 | D:2      | Reached skill level 1 in Armour
  1266 | D:2      | Learned a level 3 spell: Stone Arrow
  1269 | D:2      | Learned a level 2 spell: Passwall
  1398 | D:2      | Reached XP level 4. HP: 30/30 MP: 7/7
  1644 | D:2      | Found a runed door.
  2182 | D:3      | Reached skill level 6 in Earth Magic
  2182 | D:3      | Reached XP level 5. HP: 12/35 MP: 2/8
  3240 | D:3      | Reached skill level 1 in Conjurations
  3530 | D:3      | Reached XP level 6. HP: 31/41 MP: 9/9
  3754 | D:4      | Found a sparkling altar of Nemelex Xobeh.
  3754 | D:4      | Found a sacrificial altar of Ru.
  3808 | D:4      | Killed from afar by an orc wizard

Skill      XL: |  1  2  3  4  5  6 |
---------------+-------------------+-----
Earth Magic    | 4 5 6 |  6.1
Armour         | 1 2 4 |  4.0
Conjurations   | 1 |  1.7
Dodging        | |  1.7
Stealth        | |  2.4
Spellcasting   | |  2.1
Transmutations | |  1.1

Action                   |  1- 3 |  4- 6 || total
-------------------------+-------+-------++-------
Melee: Short sword       |    46 |   174 ||   220
 Cast: Sandblast         |    16 |     9 ||    25
       Passwall          |       |     3 ||     3
       Stone Arrow       |       |     2 ||     2
  Use: Scroll            |       |    10 ||    10
  Eat: Chunk             |     2 |     8 ||    10
Armor: Scale mail        |    33 |    35 ||    68
       Robe              |     1 |       ||     1
       Ring mail         |       |    39 ||    39
Dodge: Dodged            |    30 |    93 ||   123
